 Dungeon Crawl Stone Soup version 0.22-a0-406-g9ff8d77 (webtiles) character file.

3257 4thArraOfDagon the Magician (level 9, -7/57 HPs)
             Began as a Mummy Fire Elementalist on May 8, 2018.
             Was a Believer of Sif Muna.
             Mangled by a two-headed ogre
             ... wielding a +0 giant club
              (18 damage)
             ... on level 8 of the Dungeon.
             The game lasted 00:18:57 (7416 turns).

4thArraOfDagon the Magician (MuFE)                  Turns: 7416, Time: 00:18:58

Health: -7/57      AC:  2    Str: 12    XL:     9   Next: 67%
Magic:  1/20       EV: 16    Int: 17    God:    Sif Muna [**....]
Gold:   540        SH:  0    Dex: 12    Spells: 10/23 levels left

rFire    . . .     SeeInvis .   g - +4 dagger (venom)
rCold    . . .     Gourm    .   (no shield)
rNeg     + + +     Faith    +   a - +0 robe
rPois    ∞         Spirit   .   (no helmet)
rElec    .         Reflect  .   (no cloak)
rCorr    .         Harm     .   (no gloves)
MR       +....                  (no boots)
Stlth    ++........             f - amulet of faith
HPRegen  0.19/turn              k - +4 ring of evasion
MPRegen  0.17/turn              s - ring of fire

@: divine energy
A: no food or potions, fire vulnerability, cold resistance 1, negative energy
resistance 3, torment resistance, unbreathing
a: Stop Divine Energy, Renounce Religion


You were on level 8 of the Dungeon.
You worshipped Sif Muna.
Sif Muna was pleased with you.
You were not hungry.

You visited 2 branches of the dungeon, and saw 9 of its levels.
You also visited: Ossuary.

You collected 540 gold pieces.

Inventory:

Hand Weapons
 c - a +0 spear
 g - a +4 dagger of venom (weapon)
 h - a +0 long sword of draining
Missiles
 d - 4 curare-tipped needles
Armour
 a - a +0 robe (worn)
Jewellery
 e - an uncursed ring of see invisible
 f - an amulet of faith (around neck)
 k - a +4 ring of evasion (left hand)
 s - a ring of fire (right hand)
Wands
 b - a wand of enslavement (8)
 i - a wand of disintegration (2)
 p - a wand of flame (11)
 t - a wand of digging (16)
Scrolls
 j - 6 scrolls of remove curse
 l - 7 scrolls of identify
 m - a scroll of blinking
 n - 2 scrolls of fear
 o - 2 scrolls of enchant armour
 q - a scroll of teleportation
 r - a scroll of magic mapping


   Skills:
 - Level 1.5 Dodging
 - Level 1.5 Stealth
 + Level 7.6 Spellcasting
 * Level 7.1 Conjurations
 * Level 7.6 Fire Magic
 + Level 2.3 Invocations


You had 10 spell levels left.
You knew the following spells:

 Your Spells              Type           Power        Failure   Level  Hunger
a - Flame Tongue          Conj/Fire      #####        1%          1    N/A
b - Sticky Flame          Conj/Fire      #####...     5%          4    N/A
c - Conjure Flame         Conj/Fire      #####...     1%          3    N/A
d - Fireball              Conj/Fire      #####.....   14%         5    N/A

Dungeon Overview and Level Annotations

Branches:
Dungeon (8/15)             Temple (1/1) D:7
   Lair: D:8-11

Altars:
Ashenzari
Cheibriados
Dithmenos
Elyvilon
Fedhas
Gozag
Hepliaklqana
Kikubaaqudgha
Makhleb
Nemelex Xobeh
Okawaru
Qazlal
Ru
Sif Muna
Trog
Uskayaw
Wu Jian
Xom
Yredelemnul
Zin
The Shining One


Innate Abilities, Weirdness & Mutations

You do not eat or drink.
Your flesh is vulnerable to fire.
You are immune to poison.
Your flesh is cold resistant. (rC+)
You are immune to negative energy. (rN+++)
You are immune to unholy pain and torment.
You can survive without breathing.


Message History

Aim: a two-headed ogre, wielding a giant club and a giant spiked club (almost dead)
The puff of flame hits the two-headed ogre.
The two-headed ogre is almost dead.
Unknown command.
Evoke which item? (* to show all) (? for menu, Esc to quit)
Aiming: Throw Flame
Press: ? - help, Shift-Dir - straight line, f/p - two-headed ogre
Aim: a two-headed ogre, wielding a giant club and a giant spiked club (almost dead)
The puff of flame misses the two-headed ogre.
The two-headed ogre misses you. The two-headed ogre barely misses you.
Unknown command.
Unknown command.
Evoke which item? (* to show all) (? for menu, Esc to quit)
Aiming: Throw Flame
Press: ? - help, Shift-Dir - straight line, f/p - two-headed ogre
Aim: a two-headed ogre, wielding a giant club and a giant spiked club (almost dead)
The puff of flame hits the two-headed ogre.
The two-headed ogre is almost dead.
The two-headed ogre hits you with a giant club!!
You die...

####### ....#.##
###### #....##
.....#
#....†#######)....#
...
#..(.#@O..........#
#.#
###.#.####.....%..#
#.# #.###
#^##.....# #.# #.#
#.# ...### #.#
##'## #.# #.## #.#
##...## #.# .# #.#
##.....## #.. .#
###.## ##.......#
### ##
.....####†........#


You could see a two-headed ogre.

Vanquished Creatures
  Prince Ribbit (D:7)
  Sigmund (D:2)
  A hippogriff (D:7)
  A steam dragon (D:7)
  2 sky beasts
  2 ice beasts
  A necrophage (D:8)
  A black bear (D:8)
  5 ogres
  A centaur (D:5)
  Blork the orc (D:5)
  A water moccasin zombie (Ossuary)
  4 scorpions
  2 howler monkeys
  3 crimson imps
  A jelly (D:7)
  8 orc priests
  3 hounds
  3 orc wizards
  3 bullfrog skeletons
  Ijyb (D:3)
  Terence (D:3)
  2 iguanas (D:6)
  3 worker ants
  Natasha (thrice) (D:3)
  A hound skeleton (D:4)
  2 mummies (Ossuary)
  13 adders
  2 shadow imps
  An adder skeleton (D:7)
  4 adder zombies (Ossuary)
  4 worms
  5 leopard geckos
  26 orcs
  3 ball pythons
  9 bats
  8 giant cockroaches
  3 gnoll zombies (Ossuary)
  4 goblins
  3 hobgoblins
  20 jackals
  3 quokkas
  10 frilled lizards
  7 hobgoblin zombies (Ossuary)
  A jackal skeleton (D:4)
  A jackal zombie (D:5)
  11 kobolds
  4 kobold zombies (Ossuary)
  6 orc zombies (Ossuary)
  A quokka zombie (D:5)
  7 rats (D:2)
214 creatures vanquished.

Notes
Turn   | Place    | Note
-------+----------+-------------------------------------------
     0 | D:1      | 4thArraOfDagon the Mummy Fire Elementalist began the quest for the Orb.
     0 | D:1      | Reached XP level 1. HP: 13/13 MP: 4/4
    91 | D:1      | Reached skill level 1 in Conjurations
   120 | D:1      | Reached XP level 2. HP: 8/19 MP: 0/5
   201 | D:1      | You fall through a shaft!
   455 | D:3      | Noticed Natasha
   571 | D:2      | Noticed Sigmund
   677 | D:2      | Reached XP level 3. HP: 24/24 MP: 3/7
   927 | D:3      | Reached XP level 4. HP: 27/30 MP: 7/9
   991 | D:3      | Learned a level 4 spell: Sticky Flame
  1114 | D:4      | WHY
  1384 | D:3      | Reached XP level 5. HP: 15/35 MP: 7/10
  1619 | D:3      | Noticed Terence
  1634 | D:3      | Killed Terence
  1642 | D:3      | Learned a level 3 spell: Conjure Flame
  1696 | D:4      | Noticed an ogre
  1696 | D:4      | Noticed an ogre
  1713 | D:4      | Killed an ogre
  1808 | D:4      | Killed an ogre
  1808 | D:4      | Reached XP level 6. HP: 41/41 MP: 2/12
  1815 | D:4      | Learned a level 5 spell: Fireball
  2390 | D:4      | Reached XP level 7. HP: 39/46 MP: 11/14
  2478 | D:4      | Reached skill level 5 in Spellcasting
  2557 | D:5      | Entered Level 5 of the Dungeon
  2660 | D:6      | Reached skill level 5 in Fire Magic
  2789 | D:5      | Noticed Blork the orc
  2800 | D:5      | Killed Blork the orc
  3051 | D:7      | Reached XP level 8. HP: 52/52 MP: 5/16
  3059 | D:7      | Reached skill level 5 in Conjurations
  3503 | D:7      | Noticed Prince Ribbit
  3509 | D:7      | Killed Prince Ribbit
  3610 | D:7      | Found a staircase to the Ecumenical Temple.
  3617 | Temple   | Entered the Ecumenical Temple
  3739 | Temple   | Became a worshipper of Sif Muna the Loreminder
  4673 | D:4      | Reached XP level 9. HP: 57/57 MP: 14/19
  4852 | D:3      | Killed Natasha
  5005 | D:3      | Noticed Natasha
  5012 | D:3      | Killed Natasha
  5074 | D:3      | Noticed Natasha
  5076 | D:3      | Noticed Ijyb
  5085 | D:3      | Killed Natasha
  5090 | D:3      | Killed Ijyb
  5279 | D:2      | Reached skill level 1 in Invocations
  5411 | D:2      | Killed Sigmund
  5411 | D:2      | Reached * piety under Sif Muna
  6899 | D:8      | Found a sand-covered staircase.
  6904 | Ossuary  | Entered an ossuary
  7107 | D:8      | Reached ** piety under Sif Muna
  7382 | D:8      | Noticed a two-headed ogre
  7416 | D:8      | Mangled by a two-headed ogre

Vault maps used:
D:1:      tarquinn_simple_flora_water_d
D:2:      first_ration, minmay_joined_circles, uniq_sigmund
D:3:      minivault_14, kennysheep_cluttered_room, uniq_natasha, uniq_terence,
          uniq_ijyb
D:5:      uniq_blork_the_orc
D:7:      minmay_temple_entry_junction_2, uniq_prince_ribbit1
D:8:      nicolae_ossuary_entry_monument
Temple:   minmay_crystal_snake_temple
Ossuary:  ossuary_tomb_2

Skill      XL: |  1  2  3  4  5  6  7  8  9 |
---------------+----------------------------+-----
Conjurations   | 1 2 3 4 6 7 |  7.1
Spellcasting   | 3 4 5 6 7 |  7.6
Fire Magic     | 3 4 5 6 7 |  7.6
Invocations    | 2 |  2.3
Dodging        | |  1.5
Stealth        | |  1.5

Action                   |  1- 3 |  4- 6 |  7- 9 || total
-------------------------+-------+-------+-------++-------
Melee: Spear             |    49 |       |       ||    49
       Dagger            |    16 |    69 |   355 ||   440
 Cast: Flame Tongue      |    38 |    28 |    47 ||   113
       Conjure Flame     |       |     3 |    10 ||    13
       Sticky Flame      |       |     3 |    31 ||    34
Invok: Divine Energy     |       |       |     1 ||     1
Evoke: Wand              |       |       |     9 ||     9
  Use: Scroll            |     1 |     4 |     4 ||     9
 Stab: Sleeping          |     4 |       |     5 ||     9
Armor: Robe              |    18 |    10 |    54 ||    82
Dodge: Dodged            |    67 |    48 |   305 ||   420

Table legend:
 A = Spawn XP
 B = Non-spawn XP
 C = Spawn XP percentage of total XP
 D = Spawn monster count
 E = Non-spawn monster count
 F = Spawn count percentage of total count
 G = Total turns spent on level
                    A         B        C        D         E        F      G
               +---------+---------+-------+---------+---------+-------+---------
         Total |       0 |    4653 |   0.0 |       0 |     214 |   0.0 |  7416
               +---------+---------+-------+---------+---------+-------+---------
           D:1 |       0 |      23 |   0.0 |       0 |      14 |   0.0 |   722
           D:2 |       0 |     403 |   0.0 |       0 |      47 |   0.0 |   999
           D:3 |       0 |     351 |   0.0 |       0 |      33 |   0.0 |  1654
           D:4 |       0 |     857 |   0.0 |       0 |      29 |   0.0 |  1041
           D:5 |       0 |     394 |   0.0 |       0 |      15 |   0.0 |   688
           D:6 |       0 |     476 |   0.0 |       0 |      21 |   0.0 |   921
           D:7 |       0 |    1283 |   0.0 |       0 |      17 |   0.0 |   580
           D:8 |       0 |     644 |   0.0 |       0 |      10 |   0.0 |   486
        Temple |       0 |      70 |   0.0 |       0 |       1 |   0.0 |   175
       Ossuary |       0 |     152 |   0.0 |       0 |      27 |   0.0 |   150
               +---------+---------+-------+---------+---------+-------+---------
